[Event "13th London Chess Classic 2023"]
[Site "London"]
[Date "2023.12.03"]
[Round "3.2"]
[White "Moussard, Jules"]
[Black "Vitiugov, Nikita"]
[Result "1-0"]
[ECO "C88"]
[WhiteElo "2639"]
[BlackElo "2712"]
[Annotator "TA"]
[PlyCount "153"]
[EventDate "2023.11.27"]
[EventType "tourn"]
[EventCountry "ENG"]
[SourceTitle "playchess.com"]
[Source "ChessBase"]
[SourceQuality "1"]
[TimeControl "40/5400+30:1800+30"]

1. e4 e5 2. Nf3 Nc6 3. Bb5 a6 4. Ba4 Nf6 5. O-O Be7 6. Re1 b5 7. Bb3 O-O 8. a4 b4 9. d3 d6 10. Nbd2 Na5 11. Ba2 c5 12. c3 Rb8 13. d4 Qc7 14. dxe5 dxe5 15. Nc4 Rd8 16. Qe2 b3 17. Nxa5 $1 (17. Bb1 Nxc4 18. Qxc4 Be6 $17) 17... bxa2 18. Nc4 Be6 19. Rxa2 (19. Nfxe5 {with more complications.} Bd6 20. Nf3 Bf4 21. Bxf4 Qxf4 22. Nfe5) 19... Nd7 20. Ra1 f6 21. Be3 Nb6 22. Nfd2 Nxc4 23. Nxc4 Qc6 24. f3 Bf7 25. b3 Rd7 (25... Rxb3 $2 26. Na5 Qc8 27. Nxb3 Bxb3 28. c4 $18) (25... a5 $11 {keeps the balance.}) 26. Reb1 Rbd8 27. Rd1 Qb7 28. Rxd7 Qxd7 29. Kf2 Rb8 30. Rb1 Qc7 31. Rb2 h5 32. Nd2 Qa5 33. c4 Qb4 34. Qd3 Be6 35. Rc2 Qb7 36. Rc3 h4 37. Qc2 g6 38. Rd3 f5 39. Ke1 h3 40. g3 (40. gxh3 Kf7 $14) 40... Rf8 41. Qc3 Qc7 42. Kd1 Bf6 43. Kc2 Rf7 44. Qa1 Qc6 (44... Be7 $16 45. g4 fxe4 46. fxe4 Bc8) 45. Qg1 Be7 46. g4 fxg4 47. fxg4 Qc8 48. Qg3 Bxg4 49. Qxe5 Qe6 50. Qg3 Be2 51. Rd5 Qg4 (51... Bf3 {is a better defense.}) 52. Qb8+ $18 (52. Bxc5 $2 Qxg3 53. Bxe7 Rxe7 $19) 52... Kg7 53. Bxc5 Bxc5 54. Qe5+ Kh7 (54... Kh6 $142) 55. Rxc5 $18 Qf4 (55... Bd1+ $142 56. Kc3 Qf4 57. Qxf4 Rxf4) 56. Qxf4 $18 Rxf4 57. b4 Rf2 58. b5 axb5 59. axb5 Rxh2 60. b6 Bf3 61. Re5 Rxd2+ 62. Kxd2 h2 63. Re7+ (63. b7 $142 h1=Q 64. b8=Q (64. b8=B $2 Qd1+ 65. Kc3 Qc1+ 66. Kd4 Qb2+ 67. Ke3 Qb3+ 68. Kd4 Qxb8 $19)) 63... Kh6 $18 {[%emt 0:00:03] [#]} 64. Re8 $1 (64. b7 h1=Q 65. b8=Q (65. b8=B Qd1+ 66. Kc3 Qa1+ 67. Kb3 Bd1+ 68. Kb4 Qb2+ 69. Kc5 Qa3+ {[%mdl 64] Skewer} 70. Kd5 Qxe7 $19) 65... Qd1+ 66. Ke3 Qe2+ 67. Kd4 Qd2+ 68. Kc5 Qe3+ 69. Kd5 Qd3+ 70. Ke6 (70. Kc5 Qe3+ 71. Kd5 Qd3+ 72. Ke6 Qxe4+ 73. Qe5 Qxc4+ 74. Kf6 Qh4+ 75. Kf7 Qc4+ 76. Kf8 Qc8+ 77. Re8 Qf5+ 78. Qxf5 gxf5 $11) 70... Qxe4+ 71. Qe5 (71. Kf7 Qxc4+ 72. Kf8 Qd4 $11) 71... Qxc4+ 72. Kf6 Qh4+ 73. Kf7 Qc4+ 74. Kf8 Qc8+ 75. Re8 Qf5+ 76. Qxf5 gxf5 $11) 64... Kg5 {[%emt 0:03:41] [#]} 65. Rh8 $2 ({White must play} 65. b7 $1 $18 h1=Q 66. b8=Q (66. b8=B $2 Qa1 $19) 66... Qd1+ 67. Ke3 Qe1+ 68. Kd4 (68. Kxf3 Qc3+ 69. Ke2 Qc2+ 70. Kf1 Qd1+ 71. Kg2 Qe2+ 72. Kg3 Qe3+ 73. Kh2 Qe2+ 74. Kh1 Qf3+ 75. Kg1 Qd1+ 76. Kf2 Qd2+ 77. Kg3 Qe3+ 78. Kg2 Qe2+ 79. Kh1 Qf3+ 80. Kg1 Qe3+ 81. Kh2 Qe2+ 82. Kh3 Qg4+ 83. Kh2 Qe2+ $11)) 65... Bh5 $11 66. b7 h1=Q 67. b8=Q (67. b8=B $2 Qd1+ 68. Ke3 Qb3+ 69. Kd4 Qb2+ 70. Kd5 Qxh8 $19) 67... Qd1+ $1 68. Kc3 (68. Ke3 $5 Qg1+ 69. Kd2 (69. Kd3 Qd1+ 70. Ke3 Qe1+ 71. Kd4 Qd2+ 72. Ke5 Qf4+ 73. Ke6 Qf6+ 74. Kd7 Qd4+ 75. Kc6 Qf6+ 76. Kc7 Qe5+ 77. Kc6 Qf6+ 78. Kd7 Qd4+ 79. Ke7 Qg7+ 80. Ke6 Qf6+ 81. Kd7 $11) 69... Qd1+ 70. Kc3 Qe1+ 71. Kc2 Qd1+ 72. Kc3 Qe1+ 73. Kd4 Qd2+ 74. Ke5 (74. Kc5 Qf2+ 75. Kc6 Qf6+ 76. Kc7 Qe5+ 77. Kb7 Qb2+ 78. Ka8 Qa1+ 79. Kb7 Qb2+ 80. Kc7 Qe5+ 81. Kd7 Qd4+ 82. Ke7 Qg7+ 83. Kd6 Qd4+ 84. Ke7 Qg7+ 85. Ke6 Qf6+ 86. Kd7 Qd4+ 87. Ke7 $11) 74... Qf4+ 75. Ke6 (75. Kd5 Qf7+ 76. Kd4 Qf2+ 77. Kd3 Qf3+ 78. Kc2 Qxe4+ 79. Kb3 Qb1+ 80. Ka3 Qa1+ 81. Kb4 Qb1+ 82. Ka5 Qa2+ 83. Kb6 Qf2+ 84. c5 Qb2+ 85. Kc6 Bf3+ 86. Kc7 Qe5+ 87. Kb6 Qb2+ 88. Ka7 Qa3+ 89. Kb6 Qb4+ 90. Ka6 Be2+ 91. Ka7 Qxc5+ 92. Qb6 Qe7+ 93. Qb7 Qc5+ 94. Qb6 Qe7+ 95. Qb7 Qc5+ 96. Qb6 $11) 75... Qf6+ 76. Kd7 (76. Kd5 Qf7+ 77. Ke5 Qf6+ 78. Kd5 Qf7+ 79. Kd4 Qf2+ 80. Kd3 Qf3+ 81. Kc2 Qxe4+ 82. Kb3 Qd3+ 83. Kb2 Qd2+ 84. Kb3 Qd3+ 85. Kb4 Qb1+ 86. Kc3 Qe1+ 87. Kd4 Qf2+ 88. Kd5 Qf3+ 89. Kd6 Qf6+ 90. Kc7 Qf7+ 91. Kd8 Qf6+ 92. Kd7 Qf7+ 93. Kd8 Qf6+ 94. Kd7 Qd4+ 95. Ke7 Qf6+ 96. Kd7 $11) 76... Qd4+ 77. Ke7 Qg7+ 78. Ke6 Qf6+ 79. Kd7 (79. Kd5 Qf7+ 80. Kd6 Qf6+ 81. Kd7 Qd4+ 82. Ke7 Qg7+ 83. Ke6 Qf6+ $11) 79... Qd4+ 80. Ke7 Qg7+ 81. Ke6 Qf6+ $11) 68... Qe1+ 69. Kd4 (69. Kb2 $5 Qd2+ $8 70. Kb3 Bd1+ 71. Ka3 Qc3+ 72. Ka2 Qxc4+ 73. Ka1 Qa6+ 74. Kb1 Qd3+ 75. Ka2 Qc4+ 76. Kb1 Qxe4+ 77. Ka2 Qa4+ 78. Kb2 $11) 69... Qd2+ 70. Kc5 Qe3+ 71. Kb4 (71. Kd5 $5 Qd3+ $8 72. Ke6 (72. Kc5 Qe3+ 73. Kd6 Qd4+ 74. Kc7 Qxc4+ 75. Kd8 Qd4+ 76. Kc7 Qc4+ 77. Kd8 Qd4+ 78. Ke7 Qf6+ 79. Kd7 Qd4+ 80. Ke7 Qf6+ 81. Kd7 Qd4+ 82. Ke7 $11) 72... Qxc4+ 73. Ke5 Qc3+ 74. Kd5 Qd3+ 75. Ke6 Bg4+ 76. Ke5 Qc3+ 77. Kd5 Qd3+ 78. Kc5 Qe3+ 79. Kd5 Qd3+ 80. Ke5 Qc3+ 81. Kd5 Qd3+ $11) 71... Qe1+ $2 (71... Qd2+ $11 72. Kb5 Qb2+ 73. Ka6 Qa3+ 74. Kb6 Qb2+ 75. Kc7 Qe5+ 76. Kc6 Qf6+ 77. Kc5 Qf2+ 78. Kd6 Qf6+ 79. Kd7 (79. Kd5 Qf7+ 80. Ke5 Qf6+ 81. Kd5 Qf7+ 82. Kd6 Qf6+ 83. Kc7 Qe5+ 84. Kb7 Qb2+ 85. Ka8 Qa1+ 86. Kb7 Qb2+ 87. Kc7 Qe5+ $11) 79... Qd4+ 80. Ke7 Qf6+ 81. Kd7 Qd4+ 82. Ke7 Qf6+ 83. Kd7) 72. Kb5 $18 Qxe4 73. Qg3+ Bg4 74. Qh4+ Kf4 75. Rf8+ Ke3 76. Qf2+ Kd3 77. Rd8+ ({Not} 77. Qg3+ Kc2 $18) 1-0

[Event "13th London Chess Classic 2023"]
[Site "London"]
[Date "2023.12.03"]
[Round "3.3"]
[White "Adams, Michael"]
[Black "Bartel, Mateusz"]
[Result "1-0"]
[ECO "B12"]
[WhiteElo "2670"]
[BlackElo "2651"]
[Annotator "TA"]
[PlyCount "73"]
[EventDate "2023.11.27"]
[EventType "tourn"]
[EventCountry "ENG"]
[SourceTitle "playchess.com"]
[Source "ChessBase"]
[SourceQuality "1"]
[TimeControl "40/5400+30:1800+30"]

1. e4 c6 2. d4 d5 3. e5 Bf5 4. Nf3 e6 5. Be2 Nd7 6. O-O a5 {[%emt 0:00:06] outshines the older 6...Ne7. B12: Caro-Kann: Advance Variation.} 7. a4 f6 8. Be3 $5 {[%emt 0:05:53][%mdl 4] [#] A promising side line.} Qb6 $146 {[%emt 0:09:41] White has an edge.} ({Predecessor:} 8... fxe5 9. dxe5 Bc5 10. Bxc5 Nxc5 11. Nd4 Ne7 12. Bh5+ g6 13. Be2 Qb6 14. g4 Be4 {0-1 Kryvoruchko,Y (2658)-Eljanov,P (2697) Bundesliga 2223 2022 (1.1)}) 9. Nbd2 fxe5 10. Nxe5 ({Don't play} 10. dxe5 Bc5 $11) 10... Nxe5 11. dxe5 Bc5 12. Bxc5 Qxc5 13. Nb3 Qe7 14. Bh5+ g6 15. Be2 {[%emt 0:00:05] And now g4 would win.} h5 16. Qd2 Qc7 17. Bd3 Nh6 18. Nd4 Qe7 ({But not} 18... Qxe5 19. Bxf5 Nxf5 20. Nxe6 $16) 19. Ra3 Bxd3 20. Rxd3 Nf5 21. Nxf5 gxf5 22. c4 Kf7 (22... O-O-O $11) 23. cxd5 $14 exd5 (23... cxd5 $142 24. Rc1 Rhc8) 24. Re1 $16 Ke6 25. Rg3 Qf7 {[%emt 0:00:02] [#] Repels Rg6+. Black is weak on the dark squares} 26. b4 $1 {[%emt 0:05:19][%cal Bb2b4,Bb4a5][%mdl 32] White has more active pieces.} h4 {[%emt 0:04:20] [#]} 27. Rb3 {[%emt 0:01:34] The board is on fire.} f4 (27... axb4 $16 {was called for.} 28. Rxb4 (28. Qxb4 Qe7 $14) 28... Rag8) 28. bxa5 {[%emt 0:09:36] Qb4 is the strong threat.} Rag8 (28... Rhg8 $142 29. Kh1 Rac8) 29. Qb4 {[%emt 0:03:02] Threatens to win with a6.} Rh7 $2 (29... Qg7 30. g3 (30. Qxb7 $2 Qxg2#) 30... Qe7) 30. Qd6+ $18 Kf5 {[%emt 0:00:04] [#]} 31. Rxb7 $3 {[%emt 0:02:10][%mdl 576] Deflection} Qxb7 (31... Qg6 32. Qxg6+) 32. Qf6+ Kg4 33. Qe6+ (33. e6 $142 Rhg7 34. e7 Rxe7 35. h3+ (35. Qxe7 Qxe7 36. Rxe7 Ra8 $11) 35... Kh5 36. Rxe7 Qb1+ 37. Kh2) 33... Kh5 34. Qxg8 {[%emt 0:00:05] White threatens e6 and mate.} Rg7 {[%emt 0:01:38] Against e6} 35. Qf8 {[%emt 0:01:40][%cal Oe5e6] Intending e6! and mate.} d4 36. e6 c5 {[%emt 0:00:40] [#]} 37. Qxg7 $3 {[%emt 0:02:03][%mdl 576] Remove Defender. Ingenious play by Adams!   Weighted Error Value: White=0.12 (very precise) /Black=0.38} 1-0

[Event "13th London Chess Classic 2023"]
[Site "London"]
[Date "2023.12.03"]
[Round "3.4"]
[White "McShane, Luke J"]
[Black "Niemann, Hans Moke"]
[Result "1/2-1/2"]
[ECO "C67"]
[WhiteElo "2626"]
[BlackElo "2659"]
[Annotator "TA"]
[PlyCount "74"]
[EventDate "2023.11.27"]
[EventType "tourn"]
[EventCountry "ENG"]
[SourceTitle "playchess.com"]
[Source "ChessBase"]
[SourceQuality "1"]
[TimeControl "40/5400+30:1800+30"]

1. e4 e5 2. Nf3 Nc6 3. Bb5 Nf6 4. O-O Nxe4 5. Re1 Nd6 6. Nxe5 Be7 7. Bf1 Nxe5 8. Rxe5 O-O 9. d4 Bf6 {[%emt 0:00:06] C67: Ruy Lopez: Berlin Defence: 4 0-0 Nxe4.} 10. Re2 b6 11. Re1 Bb7 12. Bf4 Ne4 13. Nd2 Re8 14. c3 d6 {[%emt 0:00:59] [#]} (14... Bg5 {looks sharper.} 15. Qg4 h5 16. Qf5 Bxf4 17. Qxf4 Qf6) 15. Nxe4 $146 (15. Bb5 $5 Re7 16. Nxe4 Rxe4 17. Rxe4 Bxe4 18. Qe2 $14) ({Predecessor:} 15. Bb5 Re7 16. Nxe4 Bxe4 17. d5 Bf5 18. Bc6 Rb8 19. Qa4 a5 20. Bd2 Bd7 21. Rxe7 Bxc6 22. Qxc6 Bxe7 {1-0 Fedoseev,V (2719)-Vokhidov,S (2480) Wch Rapid St Petersburg 2018 (6)}) 15... Rxe4 {[%emt 0:00:35] The position is equal.} 16. Rxe4 Bxe4 17. Qa4 a6 18. Qb3 Qd7 19. Re1 Bb7 20. Bc4 b5 21. Bd5 Bc6 22. g3 Re8 23. Rxe8+ Qxe8 24. Be3 h5 25. h4 g6 26. Kh2 Kg7 27. Bxc6 Qxc6 $11 {[%emt 0:00:09][%mdl 4096] Endgame KQB-KQB} 28. d5 Qd7 29. c4 Be5 30. cxb5 axb5 31. Qc2 Qc8 32. b3 Qa8 33. Qd3 b4 34. Qc4 Qxa2 35. Qxb4 Qa6 36. Qc4 Qxc4 37. bxc4 Kf8 {[%emt 0:00:20] Not much happened in this game.   Weighted Error Value: White=0.02 (flawless) /Black=0.02 (flawless)} 1/2-1/2

[Event "13th London Chess Classic 2023"]
[Site "London"]
[Date "2023.12.03"]
[Round "3.5"]
[White "Royal, Shreyas"]
[Black "Tabatabaei, M. Amin"]
[Result "1-0"]
[ECO "D38"]
[WhiteElo "2404"]
[BlackElo "2694"]
[Annotator "TA"]
[PlyCount "106"]
[EventDate "2023.11.27"]
[EventType "tourn"]
[EventCountry "ENG"]
[SourceTitle "playchess.com"]
[Source "ChessBase"]
[SourceQuality "1"]
[TimeControl "40/5400+30:1800+30"]

1. d4 Nf6 2. c4 e6 3. Nc3 d5 4. cxd5 exd5 5. Bg5 Bb4 6. Nf3 h6 7. Bxf6 Qxf6 8. Qb3 Qd6 9. a3 Bxc3+ {[%emt 0:00:30] D38: Queen's Gambit Declined: Ragozin Defence (4 Nf3 Bb4).} 10. Qxc3 O-O 11. e3 Bf5 {[%emt 0:00:06] The position is equal.} 12. Rc1 c6 {[%emt 0:00:28] [#]} 13. Ne5 $146 ({Predecessor:} 13. Bd3 Bxd3 14. Qxd3 Nd7 15. O-O Rfe8 16. Qb3 Rab8 17. Rfd1 {½-½ Vaitonis,V (2437)-Loeschnauer,R (2469) W-ch37 sf03 email 2013}) 13... Nd7 14. Bd3 Bxd3 15. Nxd3 Rfe8 16. O-O Nf6 17. b4 a6 18. a4 Ne4 19. Qb2 Qe7 20. b5 cxb5 21. axb5 a5 22. b6 Qd6 (22... Rec8 $11 {keeps the balance.}) 23. Rc7 $1 $16 Re7 24. Rfc1 Rae8 {[%emt 0:17:46] A mistake that costs the game.} (24... a4 $16) 25. Nc5 Nxc5 26. dxc5 (26. R1xc5 Ra8 27. Qb1 g6 $16) 26... Qe6 {[%emt 0:00:13] [#]} 27. Rxe7 Qxe7 $18 {[%emt 0:00:03][%mdl 4096] Endgame KQR-KQR} 28. Qb5 Rb8 29. Qxa5 Qd7 30. h3 {[%emt 0:03:24][%cal Bh2h3,Bh3h4][%mdl 32] Threatens to win with Qa7.} Qc6 31. Qc3 Rc8 32. Qe5 g6 33. h4 h5 34. Kh2 Re8 35. Qd6 {[%emt 0:00:35] Hoping for Qxc6.} Qxd6+ 36. cxd6 {[%emt 0:00:04] d7 is the strong threat. KR-KR} Rd8 {[%emt 0:00:02] Dodges d7} 37. Rc7 {[%emt 0:00:05] aiming for d7.} Rxd6 38. Rxb7 Kg7 39. Kg3 Kf6 (39... d4 $142 40. exd4 Rxd4) 40. Kf3 d4 {[%emt 0:00:00] [#]} (40... Rc6 $142 41. e4 Ke5) 41. Ke2 $1 dxe3 42. Kxe3 Ke6 43. f3 Kf6 44. g3 g5 $2 (44... Ke6 {is tougher.} 45. Ke4 Kf6) 45. Rb8 gxh4 46. Rh8 {[%emt 0:01:45] White threatens b7 and mate.} ({Less strong is} 46. gxh4 Kf5 47. Rb7 Ke6 $18) 46... Re6+ 47. Kf4 {[%emt 0:01:12] b7 would kill now.} hxg3 48. b7 {[%emt 0:00:04] White mates.} g2 49. b8=Q g1=Q 50. Qd8+ (50. Rxh5 Qd4+ 51. Kg3 Qg1+ 52. Kh3 Qf1+ 53. Kg4 Qg1+ 54. Kh4 Qf2+ 55. Kg4 Qg1+ 56. Kh4 Qf2+ 57. Kg4 Qg1+ $11) 50... Re7 51. Rh6+ ({Inferior is} 51. Rxh5 Qe3+ 52. Kg3 (52. Kg4 Qg1+ 53. Kh3 Qh1+ 54. Kg4 Qg1+ 55. Kf4 Qe3+ 56. Kg4 Qg1+ $11) 52... Qg1+ 53. Kh4 Qh2+ 54. Kg4 Qg1+ 55. Kh3 Qh1+ 56. Kg4 Qg1+ 57. Kh4 Qh2+ 58. Kg4 Qg1+ $11) 51... Qg6 52. Qd4+ Ke6 53. Qb6+ Kd5 {[%emt 0:00:37] Weighted Error Value: White=0.08 (flawless) /Black=0.38} 1-0

[Event "13th London Chess Classic 2023"]
[Site "London"]
[Date "2023.12.04"]
[Round "4.1"]
[White "Volokitin, Andrei"]
[Black "Tabatabaei, M. Amin"]
[Result "0-1"]
[ECO "C77"]
[WhiteElo "2660"]
[BlackElo "2694"]
[Annotator "TA"]
[PlyCount "63"]
[EventDate "2023.11.27"]
[EventType "tourn"]
[EventCountry "ENG"]
[SourceTitle "playchess.com"]
[Source "ChessBase"]
[SourceQuality "1"]
[TimeControl "40/5400+30:1800+30"]

1. e4 e5 2. Nf3 Nc6 3. Bb5 a6 4. Ba4 Nf6 5. d3 d6 6. c3 g6 7. O-O Bg7 8. h3 O-O 9. Re1 h6 {[%emt 0:02:17] C77: Ruy Lopez: 3...a6 4 Ba4 Nf6, unusual lines.} 10. a3 b5 11. Bc2 Bb7 {[%emt 0:20:09] The position is equal.} 12. Be3 {[%emt 0:16:44] [#]} Re8 $146 ({Predecessor:} 12... d5 13. Nbd2 Qd6 14. Nb3 Nd7 15. Qd2 dxe4 16. dxe4 Qxd2 17. Nfxd2 Rfd8 18. a4 Bf8 {½-½ Bjerre,J (2542)-Saduakassova,D (2500) Gelfand Challenge rapid 2021 (16)}) 13. Qc1 Kh7 14. Nbd2 Nb8 15. b4 Nbd7 16. Nb3 Rc8 17. a4 c6 18. Qd2 Nb6 19. axb5 cxb5 20. Na5 Ba8 {[%emt 0:00:40] [#]} 21. c4 $1 bxc4 22. Bxb6 Qxb6 23. Nxc4 Qc7 (23... Qc6 $2 24. Ba4 Qc7 25. Bxe8 Rxe8 26. Rxa6 Nxe4 27. Qe3 $18 (27. Rxe4 Bxe4 28. Nxd6 Ra8 $16)) (23... Qb8 $5 ) 24. Bb3 Rcd8 25. Rxa6 {[%emt 0:06:01] Rc1 is the strong threat.} d5 26. Ncxe5 Rxe5 (26... dxe4 {is interesting.} 27. Rxf6 Bxf6 28. Nxf7 Bg7) 27. Nxe5 Qxe5 28. exd5 Qd4 ({Black should play} 28... Qc7 $11) 29. Bc4 $2 {[%emt 0:01:29] Now White is beyond hope.} (29. Re7 $1 $14 {keeps the upper hand.} Rf8 30. d6) 29... Bb7 $19 {[%emt 0:01:25] Black is clearly better.} ({And not} 29... Bxd5 30. Bxd5 Rxd5 31. Re7 $11) ({Don't do} 29... Nxd5 30. Re4 Qc3 31. Qxc3 Nxc3 32. Re7 $16) 30. Ra5 Nxd5 ({Weaker is} 30... Bxd5 31. Qc2 $15) 31. Re4 (31. Ba6 $17 {keeps fighting.} Bxa6 32. Rxa6) 31... Qf6 {[%emt 0:00:46][%mdl 1024] [#] aiming for ...Nb6. Black has strong compensation.} 32. Ra4 $2 {[%emt 0:01:29] Weighted Error Value: White=0.24 (precise) /Black=0.08 (flawless)} (32. d4) 0-1

[Event "13th London Chess Classic 2023"]
[Site "London"]
[Date "2023.12.04"]
[Round "4.2"]
[White "Niemann, Hans Moke"]
[Black "Royal, Shreyas"]
[Result "1-0"]
[ECO "C54"]
[WhiteElo "2659"]
[BlackElo "2404"]
[Annotator "TA"]
[PlyCount "89"]
[EventDate "2023.11.27"]
[EventType "tourn"]
[EventCountry "ENG"]
[SourceTitle "playchess.com"]
[Source "ChessBase"]
[SourceQuality "1"]
[TimeControl "40/5400+30:1800+30"]

1. e4 e5 2. Nf3 Nc6 3. Bc4 Bc5 4. d3 Nf6 5. O-O d6 6. c3 a5 {[%emt 0:00:35] C54: Giuoco Piano: 4 c3 Nf6, main lines with 5 d4 and 5 d3.} 7. Re1 O-O 8. h3 h6 {[%emt 0:00:07] The position is equal.} 9. Nbd2 Be6 10. Bb5 Qb8 11. Nf1 Qa7 12. Re2 a4 13. Ng3 Qa5 14. Bxc6 bxc6 15. Rc2 $5 {[%emt 0:00:06][%mdl 4] [#] Leaves trodden paths.} Rfb8 $146 ({Predecessor:} 15... Rfe8 16. Nh4 d5 17. Qf3 Nh7 18. Nhf5 Bf8 19. h4 Rad8 20. Be3 dxe4 21. dxe4 a3 {1-0 Yu,Y (2735)-Le,T (2557) Aimchess Rapid Div 3 W 2023 (6.5)}) 16. c4 Qb6 17. Qe2 Kh7 18. Rb1 Qa7 19. Bd2 Bb6 20. b4 axb3 21. axb3 c5 22. Nh4 Ng8 23. f4 exf4 24. Bxf4 Re8 (24... g5 $2 25. Bxg5 hxg5 26. Qh5+ Kg7 27. Nhf5+ (27. Qxg5+ Kf8 $18) 27... Kf8 28. Qh8 $18 (28. Qxg5 f6 $14)) 25. Bd2 (25. Rf1 $5 ) 25... c6 26. Ngf5 d5 27. Bc3 (27. Qg4 g6 28. exd5 cxd5 $17) (27. Nd6 $11 Red8 28. e5) 27... d4 $15 28. Bd2 (28. Qg4 $2 g6 29. Bd2 (29. Ra1 $2 Qb7 $19) 29... Bc7 $17) 28... Bc7 {[%emt 0:01:39] Dodges Nd6} 29. Qf3 ({But not} 29. Qg4 g6 30. Rcb2 gxf5 $19) (29. g4 $11 {keeps the balance.}) 29... g6 $17 30. g4 Bd8 ({Reject} 30... gxf5 $6 31. gxf5 Bxc4 32. bxc4 $11) ({Black should play} 30... Qb8 $17 {...Qd8 would be deadly.} 31. g5 Qd8) 31. Ng2 $11 gxf5 32. gxf5 Bc8 33. Kh1 $1 Qe7 {[%emt 0:02:32] With the idea ...Nf6.} 34. Rg1 $1 Bc7 {[%emt 0:03:24] [#]} (34... Bd7 $11) 35. Qh5 $1 $16 {[%emt 0:08:12][%mdl 1024] And now Nh4 would win. White has strong compensation.} Be5 $2 {[%emt 0:06:13][%mdl 8192] Loses the game.} (35... Kh8 $2 36. Bxh6 Qf6 37. Bf8+ $18) (35... Qf8 $16) 36. Nh4 $18 {[%emt 0:02:42] aiming for Nf3.} Ra7 37. Nf3 Bg7 38. Bf4 {[%emt 0:04:09] Threatens to win with Rcg2.} ({Weaker is} 38. Qg4 f6 39. Bf4 Rd8 $16) 38... Bf8 {[%emt 0:00:17] [#]} (38... f6 $142 39. Rcg2 Rd8 40. Rxg7+ Qxg7 41. Rxg7+ Rxg7) 39. Rxg8 $1 {[%emt 0:03:51][%mdl 512] Threatening mate with Rcg2.} Kxg8 (39... Ra1+ 40. Rg1) 40. Rg2+ Bg7 {[%emt 0:00:00] [#]} 41. Rxg7+ $1 Kxg7 42. Bxh6+ Kh7 43. Bg5+ Kg8 44. Bxe7 Rexe7 45. f6 {[%emt 0:00:04][%csl LRc5,LRe7] A cool game by Niemann.   Weighted Error Value: White=0.16 (very precise) /Black=0.40} 1-0

[Event "13th London Chess Classic 2023"]
[Site "London"]
[Date "2023.12.04"]
[Round "4.3"]
[White "Bartel, Mateusz"]
[Black "McShane, Luke J"]
[Result "1-0"]
[ECO "C65"]
[WhiteElo "2651"]
[BlackElo "2626"]
[Annotator "TA"]
[PlyCount "77"]
[EventDate "2023.11.27"]
[EventType "tourn"]
[EventCountry "ENG"]
[SourceTitle "playchess.com"]
[Source "ChessBase"]
[SourceQuality "1"]
[TimeControl "40/5400+30:1800+30"]

1. e4 e5 2. Nf3 Nc6 3. Bb5 Nf6 4. d3 Bc5 5. Bg5 h6 6. Bh4 {[%emt 0:00:05] C65: Ruy Lopez: Berlin Defence (3...Nf6), unusual lines and 4 0-0 Bc5.} d6 7. Nc3 Bd7 8. Na4 {[%emt 0:00:14] Strongly threatening Nxc5. White has an edge.} Bb6 {[%emt 0:01:40] [#]} 9. Nxb6 $146 ({Predecessor:} 9. c3 Ne7 10. Bxf6 gxf6 11. Bxd7+ Qxd7 12. O-O Rg8 13. Ne1 f5 14. Kh1 fxe4 15. dxe4 {1-0 Praggnanandhaa,R (2738)-Deac,B (2701) FIDE Grand Swiss 2023 (11)}) 9... axb6 10. c3 g5 11. Bg3 Ne7 12. Bc4 Ng6 13. h4 Ng4 14. Qd2 f6 15. O-O-O Qe7 16. h5 Nf4 17. Bxf4 exf4 18. Nd4 O-O-O 19. Bb3 Rhe8 20. Rde1 Qh7 21. g3 Ne5 22. gxf4 gxf4 23. Rd1 c5 24. Ne2 Bg4 25. Nxf4 {[%emt 0:00:28][%cal Of4d5] next Nd5! is good for White.} Bxd1 26. Rxd1 {[%emt 0:00:16] Black should prevent Be6+.} Kb8 (26... c4 $5 27. Ba4 Re7 $14) 27. Nd5 Rf8 {[%emt 0:01:24] [#]} (27... Qf7 $14) 28. f4 $1 $16 (28. Nxb6 f5 $14) 28... Nc6 29. f5 ({Resist} 29. Nxb6 f5 $16) 29... Qg7 30. Nxb6 {[%emt 0:06:45] White is more active.} Qg5 {[%emt 0:00:36] Black is weak on the light squares} 31. Be6 Qxh5 (31... Rh8 $16) 32. Nd7+ $18 Rxd7 33. Bxd7 Ne5 34. Be6 Qg5 35. Kc2 (35. Rh1 $18) 35... h5 (35... Rh8 $16 {keeps fighting.} 36. d4 Qxd2+ 37. Kxd2 Nc6) 36. d4 Nf3 (36... Qxd2+ 37. Kxd2 Nc6) 37. Qf2 Qf4 {[%emt 0:00:31][%cal Of3d4] [#] ...Nxd4+! would be deadly.} 38. dxc5 ({Less strong is} 38. Qe2 Qg4 39. Kd3 cxd4 $16) 38... h4 $2 (38... dxc5 39. Qxc5 Rh8) 39. Rd3 {[%emt 0:00:53] Weighted Error Value: White=0.09 (flawless) /Black=0.38} 1-0

[Event "13th London Chess Classic 2023"]
[Site "London"]
[Date "2023.12.04"]
[Round "4.4"]
[White "Vitiugov, Nikita"]
[Black "Adams, Michael"]
[Result "1/2-1/2"]
[ECO "D37"]
[WhiteElo "2712"]
[BlackElo "2670"]
[Annotator "TA"]
[PlyCount "101"]
[EventDate "2023.11.27"]
[EventType "tourn"]
[EventCountry "ENG"]
[SourceTitle "playchess.com"]
[Source "ChessBase"]
[SourceQuality "1"]
[TimeControl "40/5400+30:1800+30"]

1. d4 Nf6 2. c4 e6 3. Nf3 d5 4. Nc3 Be7 5. Bf4 O-O 6. e3 Nbd7 7. c5 c6 8. h3 b6 {[%emt 0:01:04] D37: Queen's Gambit Declined: 5 Bf4.} 9. b4 a5 10. a3 h6 11. Bd3 Ba6 {[%emt 0:02:54] [#] Hoping for ...Bxd3.} 12. O-O Qc8 13. Qc2 Bxd3 {[%emt 0:04:21] was the old line (13...Qb7).} 14. Qxd3 Qb7 15. Rfc1 Rfc8 16. Qd1 {[%emt 0:00:44] [#]} Bd8 $146 ({Predecessor:} 16... Ra7 17. Rab1 axb4 18. axb4 Ra3 19. Nd2 b5 20. Ra1 Rca8 21. Rxa3 Rxa3 22. Nb3 Bd8 {1-0 Ding,L (2799)-Nakamura,H (2736) Speed Chess Chess.com INT blitz 2021 (3.31)}) 17. Ne1 Bc7 18. Nd3 Bxf4 19. exf4 Ra7 20. Rab1 axb4 21. axb4 b5 22. f3 Rca8 23. Qd2 Nf8 24. Rc2 Ng6 25. Ne2 Nd7 26. Rbb2 h5 27. g3 Ra1+ (27... Qc7 {simplifies} 28. Ra2 Ndf8 29. Rxa7 Qxa7 30. Nc3 Qb8) 28. Kg2 h4 {[%emt 0:02:03] [#] And now ...hxg3 would win.} 29. g4 R8a4 30. Ra2 Qa7 31. Nc3 Ra3 32. Rxa1 Rxa1 33. Ra2 Rxa2 34. Qxa2 Qb8 35. Ne2 f6 36. Qa6 Ne7 37. Qa1 Nf8 38. Kg1 Nfg6 39. Kf2 Kf7 40. Ke3 Nf8 41. Kd2 Nfg6 42. Kc2 Ke8 43. Qa6 Kd7 44. Qa1 Ke8 {[%emt 0:00:06] The position is equal.} 45. Kd2 Kf7 46. Qa6 Nf8 (46... Ke8 {seems wilder.} 47. Ke3 Kd7 48. Qb6 Qa8) 47. Qb6 Qa8 48. Qa5 {[%emt 0:00:05] Prevents Qa1.} Qb8 49. Qb6 Qa8 50. Qa5 {[%emt 0:00:03] Wards off Qa1} Qb8 51. Qb6 {[%emt 0:00:07] Weighted Error Value: White=0.03 (flawless) /Black=0.03 (flawless)} 1/2-1/2